 Dungeon Crawl Stone Soup version 0.28.0-43-g3370ac3207 (webtiles) character file.

Game seed: 1950987507183741915

302 davidthevgamer991 the Covered (level 6, -13/47 HPs)
             Began as a Demonspawn Fighter on Mar 29, 2022.
             Was an Initiate of Okawaru.
             Mangled by an ogre
             ... wielding a +0 giant spiked club
              (18 damage)
             ... on level 4 of the Dungeon.
             The game lasted 00:16:09 (3982 turns).

davidthevgamer991 the Covered (Demonspawn Fighter)  Turns: 3982, Time: 00:16:09

Health: -13/47     AC: 11    Str: 19    XL:     6   Next: 14%
Magic:  6/6        EV: 10    Int:  9    God:    Okawaru [......]
Gold:   63         SH:  4    Dex: 12    Spells: 5/5 levels left

rFire   . . .      SeeInvis .   a - +0 long sword
rCold   . . .      Faith    .   c - +0 buckler
rNeg    . . .      Spirit   .   b - +0 scale mail
rPois   +          Reflect  .   (no helmet)
rElec   .          Harm     .   (no cloak)
rCorr   .          Rampage  .   (no gloves)
Will    .....                   n - +0 pair of boots
Stlth   ..........              (no amulet)
HPRegen 0.15/turn               k - ring of poison resistance
MPRegen 0.10/turn               (no ring)

@: no status effects
A: slimy green scales 2, powered by death 1
a: Renounce Religion


You were on level 4 of the Dungeon.
You worshipped Okawaru.
Okawaru was noncommittal.
You visited 1 branch of the dungeon, and saw 4 of its levels.

You collected 63 gold pieces.

Inventory:

Hand Weapons
 a - a +0 long sword (weapon)
 g - a +2 vampiric dagger
 h - a +0 trident
 i - a +1 dagger of speed
 m - a +4 whip
Armour
 b - a +0 scale mail (worn)
 c - a +0 buckler (worn)
 n - a +0 pair of boots (worn)
Jewellery
 k - a ring of poison resistance (left hand)
Wands
 j - a wand of flame (8)
Scrolls
 e - 2 scrolls of identify
 l - a scroll of fear {unknown}
Potions
 d - a potion of might
 f - a potion of magic
 o - a potion of mutation {unknown}


   Skills:
 + Level 3.5 Fighting
 + Level 3.3 Long Blades
 + Level 4.2 Armour
 + Level 2.0 Dodging
 + Level 0.3 Stealth
 + Level 3.3 Shields


You had 5 spell levels left.
You didn't know any spells.
Your spell library contained the following spells:

 Spells                   Type           Power      Damage    Failure   Level
 Corpse Rot               Necr/Air       0%         N/A       93%         2
 Poisonous Vapours        Pois/Air       0%         N/A       93%         2
 Dazzling Flash           Conj/Hex       0%         N/A       99%         3
 Iskenderun's Mystic Bla  Conj/Tloc      0%         2d3       100%        4
 Starburst                Conj/Fire      0%         6d3       100%        6


Dungeon Overview and Level Annotations

Branches:
Dungeon (4/15)
 Temple: D:4-7

Altars:
Okawaru
Wu Jian
Zin

Shops:
D:3 [


Innate Abilities, Weirdness & Mutations

You are mostly covered in slimy green scales. (AC +3)
You regenerate a little health from kills.


Message History

You closely miss the orc.
The orc is moderately wounded.
The orc barely misses you.
You hit the orc.
The orc is heavily wounded.
The orc hits you with a +4 whip!
You hit the orc.
The orc is severely wounded.
The orc hits you with a +4 whip.
You hit the orc.
The orc is severely wounded.
The orc hits you but does no damage. The orc closely misses you.
You slash the orc!
You kill the orc!
Okawaru accepts your kill.
You see here a +4 whip.
Press: ? - help, v - describe, . - travel, g - get item Item here: a +4 whip.
The floor, spattered with blood.
m - a +4 whip You see here an iguana corpse.
You start resting.
HP restored.
o - a fizzy pink potion
Found an emerald potion and a war axe.
An ogre comes into view. It is wielding a +0 giant spiked club.
The ogre shouts!
You barely miss the ogre. The ogre misses you.
You hit the ogre.
The ogre is moderately wounded.
The ogre hits you with a +0 giant spiked club!!
Ouch! That really hurt!
You barely miss the ogre.
The ogre is moderately wounded.
The ogre hits you with a +0 giant spiked club!
* * * LOW HITPOINT WARNING * * *
You hit the ogre but do no damage.
The ogre is moderately wounded.
The ogre hits you with a +0 giant spiked club!!
You die...

.. ### .# ..).
..# #.## ##.!#
#.#
#.###...####.##
#..#. ........
#...###.##.#O#
#....##.##.#@#
#............#
####............#
#.......###.....#
#.####..# #.....#
#.##....# #.....#
#.##.#>## #######
#......# ##.....#


You could see an ogre.

Vanquished Creatures
  A centaur zombie (D:3)
  Jessica (D:2)
  An iguana (D:4)
  Natasha (twice) (D:2)
  An orc wizard (D:3)
  A hound skeleton (D:4)
  4 gnolls (D:3)
  3 adders
  2 dart slugs
  4 orcs
  8 endoplasms
  4 giant cockroaches
  5 hobgoblins
  5 quokkas
  9 ball pythons
  5 bats
  2 frilled lizards (D:1)
  11 goblins
  4 kobolds
  5 rats
78 creatures vanquished.

Notes
Turn   | Place    | Note
-------+----------+-------------------------------------------
     0 | D:1      | davidthevgamer991 the Demonspawn Fighter began the quest
                  | for the Orb.
     0 | D:1      | Reached XP level 1. HP: 18/18 MP: 1/1
   445 | D:1      | Gained mutation: You are partially covered in slimy green
                  | scales. (AC +2) [demonic ancestry]
   445 | D:1      | Reached XP level 2. HP: 20/24 MP: 2/2
  1011 | D:1      | Reached skill level 3 in Armour
  1449 | D:1      | Gained mutation: You are mostly covered in slimy green
                  | scales. (AC +3) [demonic ancestry]
  1449 | D:1      | Reached XP level 3. HP: 29/29 MP: 3/3
  1667 | D:2      | Noticed Jessica
  1678 | D:2      | Killed Jessica
  1967 | D:2      | Noticed Natasha
  1976 | D:2      | Killed Natasha
  1977 | D:2      | Gained mutation: You regenerate a little health from kills.
                  | [demonic ancestry]
  1977 | D:2      | Reached XP level 4. HP: 35/35 MP: 4/4
  2001 | D:2      | Noticed Natasha
  2008 | D:2      | Killed Natasha
  2956 | D:3      | Found an ornate altar of the Wu Jian Council.
  2973 | D:3      | Found Qumat's Antique Armour Emporium.
  3051 | D:3      | Reached XP level 5. HP: 41/41 MP: 5/5
  3069 | D:3      | Reached skill level 4 in Armour
  3075 | D:3      | Reached skill level 1 in Dodging
  3611 | D:3      | Found an iron altar of Okawaru.
  3665 | D:3      | Became a worshipper of Warmaster Okawaru
  3774 | D:4      | Reached XP level 6. HP: 39/47 MP: 6/6
  3982 | D:4      | Mangled by an ogre

Illustrated notes

Levels and vault maps discovered:
D:1:      onia_arrival_handbag, layout_loops_ring,
          hangedman_decor_clover_reticule, hangedman_decor_push,
          corexii_hall_statues_x, minmay_3d_cube
D:2:      layout_loops_ring, basic_altar, minmay_goblin_outpost, uniq_jessica,
          uniq_natasha
D:3:      layout_rooms, okawaru_altar_gauntlet_db, nzn_wu_jian_contemplation,
          serial_shops, shop_fountains
D:4:      layout_loops_cross, nicolae_yredelemnul_corpse_copse,
          kennysheep_generic_room_11

Skill      XL: |  1  2  3  4  5 |
---------------+----------------+-----
Long Blades    | 2 3 |  3.3
Armour         | 3 4 |  4.2
Shields        | 3 |  3.3
Dodging        | 2 |  2.0
Fighting       | |  3.5
Stealth        | |  0.3

Action                   |  1- 3 |  4- 6 || total
-------------------------+-------+-------++-------
Melee: Long sword        |   102 |   142 ||   244
  Use: Scroll            |     1 |     2 ||     3
       Potion            |       |     2 ||     2
Armor: Scale mail        |    54 |    92 ||   146
Dodge: Dodged            |    57 |    73 ||   130
Block: Buckler           |    33 |    43 ||    76
